 Dungeon Crawl Stone Soup version 0.30-a0-778-g2ef04afb54 (webtiles) character file.

Game seed: 4380463491276618448

2913 AndrolTheGreedy the Merchant of Misery (level 9, -11/70 HPs)
             Began as a Hill Orc Conjurer on Feb 16, 2023.
             Was a Believer of Kikubaaqudgha.
             Mangled by a hornet (16 damage)
             ... on level 7 of the Dungeon.
             The game lasted 00:41:11 (11982 turns).

AndrolTheGreedy the Merchant of Misery (HOCj)      Turns: 11982, Time: 00:41:11

Health: -11/70     AC:  5    Str: 12    XL:     9   Next: 78%
Magic:  3/13       EV: 10    Int: 20    God:    Kikubaaqudgha [**....]
Gold:   264        SH:  0    Dex:  9    Spells: 1/14 levels left

rFire   . . .      SeeInvis .    h - +2 dagger (venom)
rCold   . . .      Faith    .    (no shield)
rNeg    . . .      Spirit   .    u - +0 ring mail
rPois   .          Reflect  .    (no helmet)
rElec   .          Harm     .    (no cloak)
rCorr   .          Rampage  .    (no gloves)
Will    .....                    (no boots)
Stlth   +                        (no amulet)
HPRegen 0.31/turn                (no ring)
MPRegen 0.13/turn                (no ring)

@: lethally poisoned (-11 -> -24), slowed, very slow
A: no striking features
a: Renounce Religion, Unearth Wretches


You were on level 7 of the Dungeon.
You worshipped Kikubaaqudgha.
Kikubaaqudgha was pleased with you.
You visited 1 branch of the dungeon, and saw 7 of its levels.

You collected 264 gold pieces.

Inventory:

Hand Weapons
 g - a +0 short sword
 h - a +2 dagger of venom (weapon)
Armour
 a - a +0 robe
 t - a +0 leather armour
 u - a +0 ring mail (worn)
 x - a +0 scale mail
Wands
 f - a wand of polymorph (7)
 y - a wand of charming (6)
Scrolls
 b - a scroll of vulnerability
 c - 4 scrolls of teleportation
 d - a scroll of torment {unknown}
 e - a scroll of fog
 j - a scroll of enchant armour {unknown}
 k - 2 scrolls of noise {unknown}
 l - a scroll of fear {unknown}
 n - a scroll of brand weapon {unknown}
 o - a scroll of immolation {unknown}
 q - a scroll of magic mapping {unknown}
 r - 2 scrolls of butterflies
 v - a scroll of blinking {unknown}
 A - a scroll of silence {unknown}
 B - a scroll of enchant weapon
 C - a scroll of amnesia {unknown}
Potions
 i - a potion of haste {unknown}
 m - 2 potions of heal wounds {unknown}
 p - 4 potions of lignification
 s - a potion of resistance
 w - 2 potions of attraction
 z - a potion of magic


   Skills:
 + Level 3.5 Fighting
 - Level 1.5 Dodging
 - Level 1.5 Stealth
 + Level 3.3 Spellcasting
 * Level 5.7 Conjurations
 - Level 11.4 Necromancy


You had one spell level left.
You knew the following spells:

 Your Spells              Type           Power      Damage    Failure   Level
a - Magic Dart            Conj           100%       1d8       3%          1
b - Searing Ray           Conj           52%        2d6       4%          2
c - Necrotise             Necr           100%       1d9       1%          1
d - Vampiric Draining     Necr           48%        2d9       1%          3
e - Cigotuvi's Dreadful   Necr/Pois/Air  36%        N/A       10%         2
f - Animate Dead          Necr           48%        N/A       3%          4

Your spell library contained the following spells:

 Spells                   Type           Power      Damage    Failure   Level
 Shock                    Conj/Air       56%        1d6       10%         1
 Apportation              Tloc           6%         N/A       32%         1
 Sandblast                Erth           6%         2d5       32%         1
 Summon Small Mammal      Summ           12%        N/A       32%         1
 Dazzling Flash           Conj/Hex       28%        N/A       28%         3
 Stone Arrow              Conj/Erth      28%        3d8       28%         3
 Passwall                 Tmut/Erth      2%         N/A       43%         2
 Call Canine Familiar     Summ           3%         N/A       67%         3
 Summon Guardian Golem    Hex/Summ       3%         N/A       67%         3
 Swiftness                Air            3%         N/A       67%         3
 Fulminant Prism          Conj/Hex       7%         3d7       67%         4
 Iskenderun's Mystic Bla  Conj/Tloc      14%        2d5       67%         4
 Lightning Bolt           Conj/Air       7%         1d19      95%         5
 Airstrike                Air            1%         2d(1-17)  97%         4
 Summon Lightning Spire   Summ/Air       3%         N/A       97%         4
 Alistair's Intoxication  Tmut/Pois      2%         N/A       100%        5


Dungeon Overview and Level Annotations

Branches:
Dungeon (7/15)             Temple (0/1) D:4

Altars:
Dithmenos
Elyvilon
Kikubaaqudgha
Nemelex Xobeh
Okawaru
Qazlal
Ru
Vehumet
The Shining One


Message History

Your orc zombie misses the hornet.
The hornet stings your orc zombie!
Your orc zombie is destroyed!
Casting: Searing Ray (safe; 4% risk of failure)
Confirm with . or Enter, or press ? or * to list all spells.
Aiming: Searing Ray (safe; 4% risk of failure)
Press: ? - help, Shift-Dir - straight line, f/p - hornet
Aim: a hornet (heavily wounded, 69% to hit)
The searing ray hits the hornet.
The hornet is severely wounded. (Press . to maintain the ray.)
You feel sick.
The searing ray hits the hornet!
The hornet is almost dead.
You feel sick. The hornet stings you!
You feel yourself slow down.
The searing ray misses the hornet.
You feel sick.
You are no longer poisoned.
The hornet closely misses you. The hornet stings you!
You suddenly lose the ability to move!
The hornet stings you!
You are poisoned.
You feel as though you will be slow longer.
The hornet stings you!
* * * LOW HITPOINT WARNING * * *
You feel as though you will be slow longer.
You can move again.
Casting: Searing Ray (safe; 4% risk of failure)
Confirm with . or Enter, or press ? or * to list all spells.
Aiming: Magic Dart (safe; 3% risk of failure)
Press: ? - help, Shift-Dir - straight line, f/p - hornet
Aim: a hornet (almost dead, 100% to hit)
The magic dart hits the hornet but does no damage.
The hornet is almost dead.
You feel very sick. The hornet stings you!
* * * LOW HITPOINT WARNING * * *
You are more poisoned.
You feel as though you will be slow longer.
The hornet stings you!
You die...
Kikubaaqudgha rasps: "You have failed me!
Welcome... death!"

#)# #Z##.# ##)#
#.##.# #..# #.##.#
####.######## #.##.#
#...........# #.##.#
#.##.######.# #.##.#
#.##.# #.# #.##.#
#.##.######.####.##.#
.......>.......y@...#
#.#..##.#############
.....##.# .....##.#
....###.# #.#.# #.#
....# #.# #.### #.#
..# #.#


You could see a hornet.

Vanquished Creatures
  2 steam dragons (D:6)
  2 water moccasins
  An ice beast (D:5)
  3 black bears
  An ogre (D:6)
  3 centaurs
  A bullfrog (D:6)
  A gnoll sergeant (D:7)
  4 scorpions
  3 necrophages
  5 wights (D:7)
  2 howler monkeys
  4 jellies
  4 orc priests
  4 hounds
  2 orc wizards (D:6)
  8 gnolls
  20 adders
  A shadow imp (D:6)
  A white imp (D:5)
  2 ufetubi
  4 worms
  4 dart slugs
  34 orcs
  16 endoplasms
  3 giant cockroaches
  4 goblins
  6 hobgoblins
  2 jackals (D:3)
  4 quokkas
  13 ball pythons
  5 bats
  6 frilled lizards
  12 kobolds
  4 rats
191 creatures vanquished.

Vanquished Creatures (collateral kills)
  An adder (D:6)
1 creature vanquished.

Vanquished Creatures (others)
  A hound (D:6)
  A scorpion zombie (D:7)
  A hound zombie (D:7)
  6 orc zombies (D:7)
  5 fungi (D:3)
  9 toadstools (D:3)
23 creatures vanquished.

Grand Total: 215 creatures vanquished

Notes
Turn   | Place    | Note
-------+----------+-------------------------------------------
     0 | D:1      | AndrolTheGreedy the Hill Orc Conjurer began the quest for
                  | the Orb.
     0 | D:1      | Reached XP level 1. HP: 14/14 MP: 3/3
   260 | D:1      | Reached XP level 2. HP: 20/20 MP: 2/4
   936 | D:1      | Learned a level 2 spell: Searing Ray
   938 | D:1      | Learned a level 1 spell: Necrotise
  1302 | D:2      | Reached XP level 3. HP: 10/26 MP: 0/5
  2098 | D:2      | Reached XP level 4. HP: 25/33 MP: 0/7
  2389 | D:2      | Reached skill level 5 in Conjurations
  3018 | D:2      | Reached skill level 1 in Necromancy
  3265 | D:3      | Identified the +7 sling of Intimidation {drain, rF+ rC+ rN+
                  | Str-3 Int+3}
  3403 | D:3      | Found a glowing golden altar of the Shining One.
  3572 | D:3      | Reached skill level 2 in Necromancy
  3626 | D:3      | Reached XP level 5. HP: 18/38 MP: 3/8
  4245 | D:3      | Reached skill level 3 in Necromancy
  4597 | D:3      | Found an ancient bone altar of Kikubaaqudgha.
  4600 | D:3      | Found a sparkling altar of Nemelex Xobeh.
  4605 | D:3      | Became a worshipper of Kikubaaqudgha
  4609 | D:3      | Found a sacrificial altar of Ru.
  4609 | D:3      | Found a white marble altar of Elyvilon.
  4611 | D:3      | Found an iron altar of Okawaru.
  4612 | D:3      | Found a radiant altar of Vehumet.
  4726 | D:4      | Reached XP level 6. HP: 40/45 MP: 0/10
  5097 | D:4      | Reached skill level 4 in Necromancy
  5337 | D:4      | Found a staircase to the Ecumenical Temple.
  5361 | D:4      | Reached skill level 5 in Necromancy
  5422 | D:4      | Reached * piety under Kikubaaqudgha
  5422 | D:4      | Received a gift from Kikubaaqudgha
  5425 | D:4      | Reached skill level 1 in Fighting
  5425 | D:4      | Reached XP level 7. HP: 52/52 MP: 4/11
  5429 | D:4      | Learned a level 3 spell: Vampiric Draining
  6310 | D:5      | Entered Level 5 of the Dungeon
  6871 | D:5      | Reached skill level 6 in Necromancy
  7158 | D:5      | Reached skill level 7 in Necromancy
  7158 | D:5      | Reached XP level 8. HP: 48/62 MP: 1/12
  7245 | D:5      | Found a shadowy altar of Dithmenos.
  8002 | D:6      | Reached ** piety under Kikubaaqudgha
  8036 | D:6      | Learned a level 2 spell: Cigotuvi's Dreadful Rot
  8042 | D:6      | Reached skill level 8 in Necromancy
  8144 | D:6      | HP: 3/62 [poisoned by a water moccasin]
  8418 | D:6      | Reached skill level 9 in Necromancy
  8807 | D:6      | Reached XP level 9. HP: 32/68 MP: 0/13
  8918 | D:6      | Reached skill level 10 in Necromancy
  9572 | D:6      | Learned a level 4 spell: Animate Dead
 10259 | D:7      | Reached skill level 11 in Necromancy
 10987 | D:7      | Found a stormy altar of Qazlal.
 11744 | D:7      | Noticed a hornet
 11980 | D:7      | Paralysed by a hornet for 2 turns
 11982 | D:7      | Mangled by a hornet

Illustrated notes

Levels and vault maps discovered:
D:1:      kennysheep_arrival_seaside, layout_loops_ring,
          minmay_shallow_snake_nest
D:2:      layout_basic
D:3:      cheibrodos_fertilizer, layout_basic, lemuel_tele_altar, minitemple
D:4:      layout_rooms, minmay_temple_entry_statues, minmay_snake_closets
D:5:      layout_loops_ring, grunt_dithmenos_smoke_and_mirrors,
          minmay_door_square
D:6:      layout_gridville, grunt_ministairs_6, st_stairs_11
D:7:      layout_loops_ring, kennysheep_little_box, uniq_crazy_yiuf_cottage

Skill      XL: |  1  2  3  4  5  6  7  8  9 |
---------------+----------------------------+-----
Spellcasting   | 2 3 |  3.3
Conjurations   | 5 |  5.7
Necromancy     | 2 3 5 7 9 11 | 11.4
Fighting       | 1 2 3 |  3.5
Dodging        | |  1.5
Stealth        | |  1.5

Action                     |  1- 3 |  4- 6 |  7- 9 || total
---------------------------+-------+-------+-------++-------
  Melee: Dagger            |     7 |     9 |    63 ||    79
   Cast: Magic Dart        |    61 |    66 |    45 ||   172
         Necrotise         |     1 |    40 |    45 ||    86
         Searing Ray       |     5 |    21 |    56 ||    82
         Vampiric Draining |       |       |    38 ||    38
         Cigotuvi's Dreadf |       |       |     2 ||     2
         Animate Dead      |       |       |     7 ||     7
    Use: Potion            |       |     1 |     5 ||     6
         Scroll            |       |     2 |     6 ||     8
 Armour: Robe              |       |     9 |       ||     9
         Ring mail         |       |     1 |    75 ||    76
  Dodge: Dodged            |     6 |    38 |   117 ||   161

Table legend: (Time is in decaauts)
 A = Elapsed time spent in this place.
 B = Non-inter-level travel time spent in this place.
 C = Inter-level travel time spent in this place.
 D = Time resting spent in this place.
 E = Time spent auto-exploring this place.
 F = Levels seen in this place.
 G = Mean time per level.
                   A        B        C        D        E       F      G
               +--------+--------+--------+--------+--------+-----+--------+
         Total |  11995 |  11632 |    363 |   3134 |   6812 |   7 | 1713.6 |
       Dungeon |  11995 |  11632 |    363 |   3134 |   6812 |   7 | 1713.6 |
               +--------+--------+--------+--------+--------+-----+--------+

Top non-repeatable levels by time:
     D:6: 2105 daAuts
     D:5: 1802 daAuts
     D:3: 1745 daAuts
     D:2: 1740 daAuts
     D:7: 1698 daAuts
     D:4: 1667 daAuts
     D:1: 1234 daAuts
